Ducks vs Lightning

Created - 28 février 2018 at 20:12

Goals
1 2 3 OT1 T
Ducks 0 0 2 0 2
Lightning 1 0 1 1 3
Shots
1 2 3 OT1 T
Ducks 8 11 19 3 41
Lightning 13 11 16 4 44

1st period

1. Lightning , Travis Zajac 11 (Erik Gudbranson 9, Tobias Rieder 29) at 8:07

Penalties :
Patrick Eaves (TBL) for High sticking (Minor) at 4:57, Gabriel Landeskog (ANA) for Hooking (Minor) at 11:54, Blake Comeau (ANA) for Tripping (Minor) at 18:04

2nd period

No Goal

Penalties :
Milan Lucic (ANA) for Interference (Minor) at 0:57, Derek Forbort (ANA) for Holding (Minor) at 6:44, T.J. Oshie (ANA) for Cross-checking (Minor) at 14:25

3rd period

2. Ducks , Claude Giroux 20 (T.J. Oshie 35, Nikita Zaitsev 24) at 2:41
3. Lightning , Henrik Sedin 14 (Trevor Daley 23, Kevin Klein 19) at 16:00
4. Ducks , Claude Giroux 21 (Milan Lucic 13, T.J. Oshie 36) at 16:34

Penalties :
Wayne Simmonds (ANA) for Hooking (Minor) at 0:23, Jake Dotchin (ANA) for Roughing (Minor) at 5:21, Erik Gudbranson (TBL) for Slashing (Minor) at 10:29, Kyle Quincey (TBL) for Hooking (Minor) at 17:26

Overtime #1

5. Lightning , Jeff Carter 41 (Henrik Sedin 16, Dennis Wideman 13) at 3:54

Penalties :
No Penalty

Goalie Stats

Braden Holtby (ANA), 41 saves from 44 shots - (0.932), OTL, 22-25-5, 63:55 minutes
Kari Lehtonen (TBL), 39 saves from 41 shots - (0.951), W, 31-17-7, 63:55 minutes

Players Stats for Ducks

Player Name              G  A  P  +/- PIM S  H  SB GA TA FO     MP     PP MP  PK MP  
------------------------------------------------------------------------------------
Blake Comeau             0  0  0   0  2   3  1  0  0  0  0/0    16:29   0:00   6:26 
Brandon Dubinsky         0  0  0   0  0   2  3  0  0  0  18/29  18:43   0:14   7:45 
Chris Kunitz             0  0  0   0  0   2  4  0  0  0  0/0     4:36   0:00   0:03 
Claude Giroux            2  0  2   0  0   3  1  0  0  0  13/23  16:51   3:10   0:00 
Colton Parayko           0  0  0   1  0   2  0  4  0  0  0/0    24:42   2:45   7:10 
Derek Forbort            0  0  0  -1  2   0  3  1  0  0  0/0    15:16   0:14   4:55 
Gabriel Landeskog        0  0  0  -1  2   4  1  0  0  0  0/0    17:15   2:33   1:11 
Jake Dotchin             0  0  0   0  2   0  4  2  0  0  0/0    24:50   2:45   5:51 
Josh Manson              0  0  0   0  0   3  4  0  0  0  0/0    21:05   2:58   2:40 
Mark Scheifele           0  0  0  -1  0   9  0  0  0  0  16/33  18:22   2:47   0:00 
Matt Hunwick             0  0  0  -1  0   2  2  4  0  0  0/0    16:10   0:14   5:48 
Milan Lucic              0  1  1   1  2   3  2  0  0  0  1/1    15:10   3:10   0:00 
Nikita Zaitsev           0  1  1   0  0   1  1  3  0  0  0/0    21:50   2:58   1:22 
T.J. Oshie               0  2  2   0  2   6  2  0  0  0  1/3    17:55   3:10   1:21 
Tomas Nosek              0  0  0   0  0   0  0  0  0  0  0/6    10:03   0:00   5:30 
Wayne Simmonds           0  0  0  -1  2   1  0  0  0  0  0/0    18:07   2:33   0:00 
William Nylander         0  0  0   0  0   0  0  0  0  0  0/0    10:18   0:14   0:00 
Yanni Gourde             0  0  0   0  0   0  1  0  0  0  2/10   10:03   0:00   5:30 

Players Stats for Lightning

Player Name              G  A  P  +/- PIM S  H  SB GA TA FO     MP     PP MP  PK MP  
------------------------------------------------------------------------------------
Andrej Sekera            0  0  0  -1  0   4  0  1  0  0  0/0    23:01   7:38   0:47 
Dennis Wideman           0  1  1   1  0   0  0  1  0  0  0/0    16:24   0:00   2:18 
Erik Gudbranson          0  1  1   0  2   1  2  2  0  0  0/0    19:20   1:43   1:27 
Henrik Sedin             1  1  2   2  0   3  0  0  0  0  20/32  23:09   6:00   3:36 
Henrik Zetterberg        0  0  0   1  0   3  2  0  0  0  1/7    20:02   6:00   0:22 
Jeff Carter              1  0  1   2  0   9  2  0  0  0  19/35  23:48   7:53   0:00 
Johnny Gaudreau          0  0  0   0  0   3  1  0  0  0  0/2    21:27   7:53   0:00 
Kevin Klein              0  1  1   1  0   3  2  0  0  0  0/0    21:57   5:24   2:53 
Kyle Quincey             0  0  0  -1  2   3  2  0  0  0  0/0    21:34   5:24   1:35 
Matt Hendricks           0  0  0   0  0   0  0  0  0  0  1/2     6:10   0:00   0:00 
Patric Hornqvist         0  0  0   0  0   4  8  0  0  0  0/1    16:21   6:00   0:00 
Patrick Eaves            0  0  0   0  2   2  3  0  0  0  0/0    22:02   7:11   0:00 
Teddy Purcell            0  0  0   0  0   1  0  0  0  0  0/1     6:10   0:00   0:00 
Tobias Rieder            0  1  1  -1  0   2  0  1  0  0  0/1     9:47   0:42   0:00 
Travis Zajac             1  0  1  -1  0   4  0  0  0  0  7/14   11:37   0:00   2:32 
Trevor Daley             0  1  1   1  0   1  0  4  0  0  0/0    21:37   7:37   2:54 
Troy Brouwer             0  0  0  -1  0   0  1  0  0  0  0/0    13:22   0:00   3:37 
Vernon Fiddler           0  0  0   0  0   1  1  0  0  0  6/10    7:57   0:00   1:47 

3 Stars

1 - Henrik Sedin (TBL)
2 - Kari Lehtonen (TBL)
3 - Claude Giroux (ANA)

Power Play

Ducks - 0 on 3 Attempt(s) - 0.00%
Lightning - 0 on 7 Attempt(s) - 0.00%

Penalty Kill

Ducks - 7 on 7 Attempt(s) - 100.00% - Score 0 goal in Penalty Kill
Lightning - 3 on 3 Attempt(s) - 100.00% - Score 0 goal in Penalty Kill

Team Stat

Ducks - Hits : 29 - Faceoff Wins : 51 - Blocked Shots : 14 - Penalty Minutes : 14
Lightning - Hits : 24 - Faceoff Wins : 54 - Blocked Shots : 9 - Penalty Minutes : 6

Official

Referees : Rob Martell and Dave Jackson
Linesman : Steve Miller and Ryan Galloway

Game Notes

Patric Hornqvist is injured at 10:03 of 3rd period (Right Leg)

Finance

Level 1 -- Attendance: 5800 (89.23%) -- Ticket Income 638 000 $
Level 2 -- Attendance: 3428 (68.56%) -- Ticket Income 325 660 $
Level 3 -- Attendance: 2022 (57.77%) -- Ticket Income 151 650 $
Level 4 -- Attendance: 2160 (67.42%) -- Ticket Income 97 200 $
Luxury Box -- Attendance: 516 (51.60%) -- Ticket Income 185 760 $
Game was played at the Amalie Arena.
Total Attendance: 13926 (72.52%)
Total Ticket Income: 1 398 270 $
Other Income: 209 740 $
Total Income: 1 608 010 $

% Time on Ice - Ducks

Lines # - Real PCT - Wanted PCT - Time Play
Normal Forward
1 - 34% - 34% - 13:32
2 - 30% - 30% - 12:01
3 - 25% - 25% - 10:04
4 - 11% - 11% - 4:33
Normal Defense
1 - 36% - 37% - 14:35
2 - 38% - 37% - 15:27
3 - 25% - 26% - 10:08
4 - 0% - 0% - 0:00
PP Forward
1 - 47% - 55% - 2:47
2 - 53% - 45% - 3:10
PP Defense
1 - 54% - 55% - 3:12
2 - 46% - 45% - 2:45
PK Forward
1 - 60% - 55% - 8:23
2 - 40% - 45% - 5:30
PK Defense
1 - 46% - 55% - 6:22
2 - 54% - 45% - 7:31
PK3 Forward
1 - 0% - 55%
2 - 0% - 45%
PK3 Defense
1 - 0% - 55%
2 - 0% - 45%
44 Forward
1 - 0% - 55%
2 - 0% - 45%
44 Defense
1 - 0% - 55%
2 - 0% - 45%
Last Minute Offensive  - 0:00
Last Minute Defensive  - 0:00
Total
Forward - 60:00
Defense - 60:00

% Time on Ice - Lightning

Lines # - Real PCT - Wanted PCT - Time Play
Normal Forward
1 - 33% - 40% - 13:22
2 - 29% - 30% - 11:33
3 - 23% - 20% - 9:05
4 - 15% - 10% - 6:10
Normal Defense
1 - 36% - 40% - 14:36
2 - 28% - 30% - 11:06
3 - 33% - 20% - 13:24
4 - 3% - 10% - 1:04
PP Forward
1 - 57% - 60% - 7:53
2 - 43% - 40% - 6:00
PP Defense
1 - 61% - 60% - 8:29
2 - 39% - 40% - 5:24
PK Forward
1 - 76% - 60% - 4:30
2 - 24% - 40% - 1:27
PK Defense
1 - 52% - 60% - 3:04
2 - 48% - 40% - 2:53
PK3 Forward
1 - 0% - 60%
2 - 0% - 40%
PK3 Defense
1 - 0% - 60%
2 - 0% - 40%
44 Forward
1 - 0% - 60%
2 - 0% - 40%
44 Defense
1 - 0% - 60%
2 - 0% - 40%
Last Minute Offensive  - 0:00
Last Minute Defensive  - 0:00
Total
Forward - 60:00
Defense - 60:00

Play by Play

1st period


0:01 of 1st period - Jeff Carter wins face-off versus Mark Scheifele in neutral zone.
0:10 of 1st period - Shot by Johnny Gaudreau.
0:10 of 1st period - Stopped by Braden Holtby without a rebound.
0:11 of 1st period - Claude Giroux wins face-off versus Henrik Zetterberg in Ducks zone.
0:35 of 1st period - Patric Hornqvist is hit by Josh Manson and loses puck.
0:42 of 1st period - Shot by Henrik Zetterberg.
0:42 of 1st period - Stopped by Braden Holtby with a rebound.
0:44 of 1st period - Shot by Kevin Klein.
0:44 of 1st period - Stopped by Braden Holtby without a rebound.
0:45 of 1st period - Travis Zajac wins face-off versus Brandon Dubinsky in Ducks zone.
0:46 of 1st period - Shot by Tobias Rieder.
0:46 of 1st period - Shot Hit the Post.
0:58 of 1st period - Shot by Brandon Dubinsky.
0:58 of 1st period - Shot Misses the Net.
1:02 of 1st period - Shot by Blake Comeau.
1:02 of 1st period - Stopped by Kari Lehtonen with a rebound.
1:04 of 1st period - Shot by Brandon Dubinsky.
1:04 of 1st period - Shot Blocked by Tobias Rieder.
1:42 of 1st period - Shot by Jeff Carter.
1:42 of 1st period - Stopped by Braden Holtby without a rebound.
1:43 of 1st period - Jeff Carter wins face-off versus Tomas Nosek in Ducks zone.
2:23 of 1st period - Yanni Gourde is hit by Patrick Eaves and loses puck.
2:31 of 1st period - Icing by Josh Manson.
2:32 of 1st period - Vernon Fiddler wins face-off versus Tomas Nosek in Ducks zone.
3:03 of 1st period - Shot by Mark Scheifele.
3:03 of 1st period - Shot Misses the Net.
3:05 of 1st period - Shot by Gabriel Landeskog.
3:05 of 1st period - Shot Misses the Net.
3:19 of 1st period - Shot by Gabriel Landeskog.
3:19 of 1st period - Stopped by Kari Lehtonen without a rebound.
3:20 of 1st period - Henrik Sedin wins face-off versus Claude Giroux in Lightning zone.
3:27 of 1st period - Shot by Claude Giroux.
3:27 of 1st period - Shot Blocked by Dennis Wideman.
3:47 of 1st period - Shot by T.J. Oshie.
3:47 of 1st period - Shot Blocked by Erik Gudbranson.
3:49 of 1st period - Shot by T.J. Oshie.
3:49 of 1st period - Shot Misses the Net.
4:11 of 1st period - Blake Comeau is hit by Patric Hornqvist and loses puck.
4:17 of 1st period - Jake Dotchin is hit by Patric Hornqvist and loses puck.
4:49 of 1st period - Jeff Carter is hit by Brandon Dubinsky and loses puck.
4:57 of 1st period - Minor Penalty to Patrick Eaves for High sticking.
4:58 of 1st period - Travis Zajac wins face-off versus Mark Scheifele in Lightning zone.
7:02 of 1st period - Shot by Yanni Gourde.
7:02 of 1st period - Deflect By Chris Kunitz.
7:02 of 1st period - Stopped by Kari Lehtonen without a rebound.
7:03 of 1st period - Jeff Carter wins face-off versus Tomas Nosek in Lightning zone.
7:03 of 1st period - Jeff Carter is hit by Chris Kunitz.
7:13 of 1st period - Shot by Chris Kunitz.
7:13 of 1st period - Stopped by Kari Lehtonen without a rebound.
7:14 of 1st period - Brandon Dubinsky wins face-off versus Jeff Carter in Lightning zone.
7:27 of 1st period - Shot by William Nylander.
7:27 of 1st period - Shot Misses the Net.
7:41 of 1st period - Shot by Jeff Carter.
7:41 of 1st period - Stopped by Braden Holtby without a rebound.
7:42 of 1st period - Claude Giroux wins face-off versus Travis Zajac in Ducks zone.
8:03 of 1st period - Shot by Tobias Rieder.
8:03 of 1st period - Shot Blocked by Matt Hunwick.
8:05 of 1st period - Shot by Erik Gudbranson.
8:05 of 1st period - Shot Misses the Net.
8:07 of 1st period - Shot by Travis Zajac.
8:07 of 1st period - Goal by Travis Zajac - Ducks : 0 - Lightning : 1.
8:08 of 1st period - Henrik Sedin wins face-off versus Mark Scheifele in neutral zone.
8:23 of 1st period - Shot by Patric Hornqvist.
8:23 of 1st period - Stopped by Braden Holtby without a rebound.
8:24 of 1st period - Brandon Dubinsky wins face-off versus Johnny Gaudreau in Ducks zone.
8:33 of 1st period - Shot by Brandon Dubinsky.
8:33 of 1st period - Shot Misses the Net.
9:12 of 1st period - Shot by Henrik Sedin.
9:12 of 1st period - Shot Misses the Net.
9:14 of 1st period - Shot by Kevin Klein.
9:14 of 1st period - Stopped by Braden Holtby without a rebound.
9:15 of 1st period - Travis Zajac wins face-off versus Mark Scheifele in Ducks zone.
9:33 of 1st period - Colton Parayko is hit by Kevin Klein and loses puck.
9:38 of 1st period - Shot by Wayne Simmonds.
9:38 of 1st period - Deflect By Gabriel Landeskog.
9:38 of 1st period - Shot Misses the Net.
9:40 of 1st period - Shot by Colton Parayko.
9:40 of 1st period - Shot Misses the Net.
9:44 of 1st period - Shot by Gabriel Landeskog.
9:44 of 1st period - Stopped by Kari Lehtonen with a rebound.
10:45 of 1st period - Shot by Patric Hornqvist.
10:45 of 1st period - Shot Misses the Net.
10:55 of 1st period - Shot by Henrik Sedin.
10:55 of 1st period - Shot Misses the Net.
11:01 of 1st period - Shot by Patric Hornqvist.
11:01 of 1st period - Stopped by Braden Holtby without a rebound.
11:02 of 1st period - Brandon Dubinsky wins face-off versus Jeff Carter in Ducks zone.
11:02 of 1st period - Brandon Dubinsky is hit by Jeff Carter.
11:34 of 1st period - Johnny Gaudreau is hit by Blake Comeau and loses puck.
11:54 of 1st period - Minor Penalty to Gabriel Landeskog for Hooking.
11:55 of 1st period - Henrik Sedin wins face-off versus Yanni Gourde in Ducks zone.
12:09 of 1st period - Icing by Patric Hornqvist.
12:10 of 1st period - Henrik Sedin wins face-off versus Yanni Gourde in Lightning zone.
12:10 of 1st period - Henrik Sedin is hit by Yanni Gourde.
12:16 of 1st period - Yanni Gourde is hit by Patric Hornqvist and loses puck.
12:23 of 1st period - Shot by Patric Hornqvist.
12:23 of 1st period - Shot Blocked by Colton Parayko.
12:25 of 1st period - Shot by Erik Gudbranson.
12:25 of 1st period - Shot Misses the Net.
12:45 of 1st period - Shot by Matt Hunwick.
12:45 of 1st period - Stopped by Kari Lehtonen without a rebound.
12:46 of 1st period - Brandon Dubinsky wins face-off versus Jeff Carter in Lightning zone.
12:46 of 1st period - Matt Hunwick is hit by Kevin Klein and loses puck.
13:09 of 1st period - Derek Forbort is hit by Patrick Eaves and loses puck.
13:31 of 1st period - Icing by Andrej Sekera.
13:32 of 1st period - Henrik Sedin wins face-off versus Brandon Dubinsky in Lightning zone.
13:52 of 1st period - Shot by Henrik Zetterberg.
13:52 of 1st period - Stopped by Braden Holtby without a rebound.
13:53 of 1st period - Brandon Dubinsky wins face-off versus Jeff Carter in Ducks zone.
13:53 of 1st period - Brandon Dubinsky is hit by Johnny Gaudreau.
13:59 of 1st period - Shot by Mark Scheifele.
13:59 of 1st period - Stopped by Kari Lehtonen without a rebound.
14:00 of 1st period - Mark Scheifele wins face-off versus Vernon Fiddler in Lightning zone.
14:05 of 1st period - Shot by Wayne Simmonds.
14:05 of 1st period - Shot Misses the Net.
14:49 of 1st period - Shot by Jeff Carter.
14:49 of 1st period - Shot Misses the Net.
14:51 of 1st period - Shot by Johnny Gaudreau.
14:51 of 1st period - Shot Misses the Net.
15:51 of 1st period - Shot by T.J. Oshie.
15:51 of 1st period - Shot Misses the Net.
15:53 of 1st period - Shot by Milan Lucic.
15:53 of 1st period - Shot Misses the Net.
15:55 of 1st period - Shot by Colton Parayko.
15:55 of 1st period - Stopped by Kari Lehtonen without a rebound.
15:56 of 1st period - Travis Zajac wins face-off versus Tomas Nosek in Lightning zone.
16:01 of 1st period - Travis Zajac is hit by Chris Kunitz and loses puck.
17:23 of 1st period - Henrik Zetterberg is hit by Jake Dotchin and loses puck.
17:41 of 1st period - Colton Parayko is hit by Patric Hornqvist and loses puck.
18:04 of 1st period - Minor Penalty to Blake Comeau for Tripping.
18:05 of 1st period - Jeff Carter wins face-off versus Brandon Dubinsky in Ducks zone.
18:05 of 1st period - Trevor Daley is hit by Josh Manson and loses puck.
18:24 of 1st period - Shot by Patrick Eaves.
18:24 of 1st period - Stopped by Braden Holtby with a rebound.
18:26 of 1st period - Shot by Patrick Eaves.
18:26 of 1st period - Shot Misses the Net.
18:28 of 1st period - Shot by Andrej Sekera.
18:28 of 1st period - Shot Misses the Net.
18:31 of 1st period - Patrick Eaves is hit by Nikita Zaitsev and loses puck.
18:38 of 1st period - Shot by Johnny Gaudreau.
18:38 of 1st period - Stopped by Braden Holtby without a rebound.
18:39 of 1st period - Jeff Carter wins face-off versus Brandon Dubinsky in Ducks zone.
18:39 of 1st period - Jeff Carter is hit by Matt Hunwick.
18:45 of 1st period - Shot by Patrick Eaves.
18:45 of 1st period - Shot Blocked by Matt Hunwick.
19:18 of 1st period - Icing by Henrik Zetterberg.
19:19 of 1st period - Henrik Sedin wins face-off versus Yanni Gourde in Lightning zone.
19:24 of 1st period - Shot by Patric Hornqvist.
19:24 of 1st period - Shot Misses the Net.
19:26 of 1st period - Shot by Andrej Sekera.
19:26 of 1st period - Stopped by Braden Holtby without a rebound.
19:27 of 1st period - Henrik Sedin wins face-off versus Brandon Dubinsky in Ducks zone.
Goals for this period are 0 for Ducks vs 1 for Lightning.
Shots for this period are 8 for Ducks vs 13 for Lightning.

2nd period


0:01 of 2nd period - Jeff Carter wins face-off versus Brandon Dubinsky in neutral zone.
0:20 of 2nd period - Henrik Sedin is hit by Jake Dotchin.
0:57 of 2nd period - Minor Penalty to Milan Lucic for Interference.
0:58 of 2nd period - Brandon Dubinsky wins face-off versus Jeff Carter in Ducks zone.
1:30 of 2nd period - Icing by Trevor Daley.
1:31 of 2nd period - Jeff Carter wins face-off versus Yanni Gourde in Lightning zone.
1:35 of 2nd period - Andrej Sekera is hit by Matt Hunwick and loses puck.
2:28 of 2nd period - Shot by Henrik Sedin.
2:28 of 2nd period - Shot Misses the Net.
3:02 of 2nd period - Shot by Vernon Fiddler.
3:02 of 2nd period - Shot Misses the Net.
3:05 of 2nd period - Icing by Josh Manson.
3:06 of 2nd period - Vernon Fiddler wins face-off versus Mark Scheifele in Ducks zone.
3:11 of 2nd period - Shot by Teddy Purcell.
3:11 of 2nd period - Stopped by Braden Holtby without a rebound.
3:12 of 2nd period - Travis Zajac wins face-off versus Mark Scheifele in Ducks zone.
3:23 of 2nd period - Shot by Troy Brouwer.
3:23 of 2nd period - Shot Misses the Net.
3:25 of 2nd period - Shot by Tobias Rieder.
3:25 of 2nd period - Shot Misses the Net.
4:03 of 2nd period - Shot by Teddy Purcell.
4:03 of 2nd period - Shot Misses the Net.
4:05 of 2nd period - Shot by Trevor Daley.
4:05 of 2nd period - Stopped by Braden Holtby without a rebound.
4:06 of 2nd period - Claude Giroux wins face-off versus Henrik Sedin in Ducks zone.
5:03 of 2nd period - Shot by Chris Kunitz.
5:03 of 2nd period - Shot Misses the Net.
5:20 of 2nd period - Jeff Carter is hit by Jake Dotchin.
5:30 of 2nd period - Shot by Patrick Eaves.
5:30 of 2nd period - Stopped by Braden Holtby with a rebound.
5:48 of 2nd period - Shot by Tobias Rieder.
5:48 of 2nd period - Shot Blocked by Colton Parayko.
5:50 of 2nd period - Shot by Travis Zajac.
5:50 of 2nd period - Stopped by Braden Holtby without a rebound.
5:51 of 2nd period - Mark Scheifele wins face-off versus Teddy Purcell in Ducks zone.
5:58 of 2nd period - Shot by Mark Scheifele.
5:58 of 2nd period - Stopped by Kari Lehtonen without a rebound.
5:59 of 2nd period - Mark Scheifele wins face-off versus Travis Zajac in Lightning zone.
6:07 of 2nd period - Icing by Nikita Zaitsev.
6:08 of 2nd period - Vernon Fiddler wins face-off versus Mark Scheifele in Ducks zone.
6:08 of 2nd period - Andrej Sekera is hit by Josh Manson and loses puck.
6:22 of 2nd period - Icing by Nikita Zaitsev.
6:23 of 2nd period - Jeff Carter wins face-off versus Mark Scheifele in Ducks zone.
6:28 of 2nd period - Shot by Jeff Carter.
6:28 of 2nd period - Shot Misses the Net.
6:30 of 2nd period - Shot by Kevin Klein.
6:30 of 2nd period - Shot Misses the Net.
6:32 of 2nd period - Shot by Jeff Carter.
6:32 of 2nd period - Deflect By Patrick Eaves.
6:32 of 2nd period - Shot Blocked by Nikita Zaitsev.
6:34 of 2nd period - Shot by Kevin Klein.
6:34 of 2nd period - Stopped by Braden Holtby without a rebound.
6:35 of 2nd period - Henrik Sedin wins face-off versus Brandon Dubinsky in Ducks zone.
6:35 of 2nd period - Henrik Sedin is hit by Derek Forbort.
6:42 of 2nd period - Patric Hornqvist is hit by Derek Forbort and loses puck.
6:44 of 2nd period - Minor Penalty to Derek Forbort for Holding.
6:45 of 2nd period - Brandon Dubinsky wins face-off versus Johnny Gaudreau in Ducks zone.
6:51 of 2nd period - Icing by Trevor Daley.
6:52 of 2nd period - Brandon Dubinsky wins face-off versus Jeff Carter in Lightning zone.
7:07 of 2nd period - Shot by Matt Hunwick.
7:07 of 2nd period - Stopped by Kari Lehtonen without a rebound.
7:08 of 2nd period - Henrik Sedin wins face-off versus Yanni Gourde in Lightning zone.
7:13 of 2nd period - Colton Parayko is hit by Patric Hornqvist and loses puck.
8:18 of 2nd period - Shot by Trevor Daley.
8:18 of 2nd period - Shot Misses the Net.
8:20 of 2nd period - Shot by Trevor Daley.
8:20 of 2nd period - Shot Misses the Net.
8:22 of 2nd period - Shot by Andrej Sekera.
8:22 of 2nd period - Stopped by Braden Holtby without a rebound.
8:23 of 2nd period - Brandon Dubinsky wins face-off versus Jeff Carter in Ducks zone.
8:52 of 2nd period - Shot by Patrick Eaves.
8:52 of 2nd period - Deflect By Tobias Rieder.
8:52 of 2nd period - Stopped by Braden Holtby without a rebound.
8:53 of 2nd period - Claude Giroux wins face-off versus Vernon Fiddler in Ducks zone.
9:06 of 2nd period - Dennis Wideman is hit by T.J. Oshie and loses puck.
9:22 of 2nd period - Milan Lucic is hit by Erik Gudbranson.
10:04 of 2nd period - Johnny Gaudreau is hit by Josh Manson and loses puck.
10:13 of 2nd period - Shot by Mark Scheifele.
10:13 of 2nd period - Stopped by Kari Lehtonen without a rebound.
10:14 of 2nd period - Henrik Sedin wins face-off versus Brandon Dubinsky in Lightning zone.
11:30 of 2nd period - Kyle Quincey is hit by Brandon Dubinsky and loses puck.
11:36 of 2nd period - Off-side.
11:37 of 2nd period - Mark Scheifele wins face-off versus Travis Zajac in neutral zone.
12:21 of 2nd period - Patric Hornqvist is hit by Gabriel Landeskog and loses puck.
12:34 of 2nd period - Shot by Henrik Zetterberg.
12:34 of 2nd period - Shot Blocked by Jake Dotchin.
12:36 of 2nd period - Shot by Patric Hornqvist.
12:36 of 2nd period - Stopped by Braden Holtby without a rebound.
12:37 of 2nd period - Jeff Carter wins face-off versus Claude Giroux in Ducks zone.
12:56 of 2nd period - Shot by Patrick Eaves.
12:56 of 2nd period - Shot Misses the Net.
13:00 of 2nd period - Shot by Johnny Gaudreau.
13:00 of 2nd period - Deflect By Jeff Carter.
13:00 of 2nd period - Stopped by Braden Holtby with a rebound.
13:08 of 2nd period - Shot by Patrick Eaves.
13:08 of 2nd period - Shot Blocked by Nikita Zaitsev.
13:26 of 2nd period - Icing by Trevor Daley.
13:27 of 2nd period - Vernon Fiddler wins face-off versus Tomas Nosek in Lightning zone.
13:27 of 2nd period - Trevor Daley is hit by Chris Kunitz.
13:41 of 2nd period - Shot by Matt Hendricks.
13:41 of 2nd period - Shot Blocked by Derek Forbort.
13:46 of 2nd period - Chris Kunitz is hit by Vernon Fiddler and loses puck.
14:02 of 2nd period - Icing by Kevin Klein.
14:03 of 2nd period - Mark Scheifele wins face-off versus Vernon Fiddler in Lightning zone.
14:04 of 2nd period - Shot by Gabriel Landeskog.
14:04 of 2nd period - Shot Misses the Net.
14:06 of 2nd period - Shot by Gabriel Landeskog.
14:06 of 2nd period - Shot Misses the Net.
14:10 of 2nd period - Shot by Mark Scheifele.
14:10 of 2nd period - Stopped by Kari Lehtonen without a rebound.
14:11 of 2nd period - Mark Scheifele wins face-off versus Jeff Carter in Lightning zone.
14:20 of 2nd period - Shot by Wayne Simmonds.
14:20 of 2nd period - Stopped by Kari Lehtonen without a rebound.
14:21 of 2nd period - Claude Giroux wins face-off versus Henrik Sedin in Lightning zone.
14:25 of 2nd period - Minor Penalty to T.J. Oshie for Cross-checking.
14:26 of 2nd period - Jeff Carter wins face-off versus Brandon Dubinsky in Ducks zone.
14:31 of 2nd period - Shot by Jeff Carter.
14:31 of 2nd period - Stopped by Braden Holtby without a rebound.
14:32 of 2nd period - Brandon Dubinsky wins face-off versus Jeff Carter in Ducks zone.
14:32 of 2nd period - Brandon Dubinsky is hit by Patrick Eaves.
14:41 of 2nd period - Johnny Gaudreau is hit by Brandon Dubinsky and loses puck.
14:58 of 2nd period - Shot by Brandon Dubinsky.
14:58 of 2nd period - Deflect By Blake Comeau.
14:58 of 2nd period - Shot Misses the Net.
15:00 of 2nd period - Shot by Blake Comeau.
15:00 of 2nd period - Shot Misses the Net.
15:06 of 2nd period - Shot by Blake Comeau.
15:06 of 2nd period - Stopped by Kari Lehtonen without a rebound.
15:07 of 2nd period - Henrik Sedin wins face-off versus Yanni Gourde in Lightning zone.
15:18 of 2nd period - Matt Hunwick is hit by Patric Hornqvist and loses puck.
15:44 of 2nd period - Matt Hunwick is hit by Patric Hornqvist and loses puck.
16:09 of 2nd period - Jake Dotchin is hit by Jeff Carter and loses puck.
16:29 of 2nd period - Shot by T.J. Oshie.
16:29 of 2nd period - Stopped by Kari Lehtonen without a rebound.
16:30 of 2nd period - Mark Scheifele wins face-off versus Travis Zajac in Lightning zone.
16:35 of 2nd period - Shot by Wayne Simmonds.
16:35 of 2nd period - Shot Misses the Net.
16:37 of 2nd period - Shot by Gabriel Landeskog.
16:37 of 2nd period - Stopped by Kari Lehtonen with a rebound.
17:01 of 2nd period - Shot by Mark Scheifele.
17:01 of 2nd period - Shot Misses the Net.
17:22 of 2nd period - Icing by Nikita Zaitsev.
17:23 of 2nd period - Henrik Sedin wins face-off versus Mark Scheifele in Ducks zone.
17:39 of 2nd period - Icing by Andrej Sekera.
17:40 of 2nd period - Claude Giroux wins face-off versus Patric Hornqvist in Lightning zone.
17:53 of 2nd period - Shot by T.J. Oshie.
17:53 of 2nd period - Deflect By Milan Lucic.
17:53 of 2nd period - Stopped by Kari Lehtonen without a rebound.
17:54 of 2nd period - Brandon Dubinsky wins face-off versus Jeff Carter in Lightning zone.
17:59 of 2nd period - Shot by Blake Comeau.
17:59 of 2nd period - Stopped by Kari Lehtonen without a rebound.
18:00 of 2nd period - Jeff Carter wins face-off versus Claude Giroux in Lightning zone.
18:05 of 2nd period - Shot by Milan Lucic.
18:05 of 2nd period - Stopped by Kari Lehtonen without a rebound.
18:06 of 2nd period - Jeff Carter wins face-off versus Brandon Dubinsky in Lightning zone.
19:07 of 2nd period - Shot by Henrik Sedin.
19:07 of 2nd period - Shot Blocked by Jake Dotchin.
19:13 of 2nd period - Shot by Patric Hornqvist.
19:13 of 2nd period - Stopped by Braden Holtby without a rebound.
19:14 of 2nd period - Travis Zajac wins face-off versus Claude Giroux in Ducks zone.
19:19 of 2nd period - Shot by Erik Gudbranson.
19:19 of 2nd period - Shot Misses the Net.
Goals for this period are 0 for Ducks vs 0 for Lightning.
Shots for this period are 11 for Ducks vs 11 for Lightning.

3rd period


0:01 of 3rd period - Jeff Carter wins face-off versus Mark Scheifele in neutral zone.
0:12 of 3rd period - Shot by Mark Scheifele.
0:12 of 3rd period - Shot Misses the Net.
0:23 of 3rd period - Minor Penalty to Wayne Simmonds for Hooking.
0:24 of 3rd period - Brandon Dubinsky wins face-off versus Henrik Sedin in Ducks zone.
0:24 of 3rd period - Brandon Dubinsky is hit by Henrik Zetterberg.
0:43 of 3rd period - Icing by Patric Hornqvist.
0:44 of 3rd period - Henrik Sedin wins face-off versus Yanni Gourde in Lightning zone.
0:50 of 3rd period - Shot by Andrej Sekera.
0:50 of 3rd period - Stopped by Braden Holtby without a rebound.
0:51 of 3rd period - Brandon Dubinsky wins face-off versus Jeff Carter in Ducks zone.
1:06 of 3rd period - Shot by Jeff Carter.
1:06 of 3rd period - Stopped by Braden Holtby with a rebound.
1:08 of 3rd period - Shot by Kyle Quincey.
1:08 of 3rd period - Stopped by Braden Holtby with a rebound.
1:10 of 3rd period - Shot by Kyle Quincey.
1:10 of 3rd period - Stopped by Braden Holtby with a rebound.
1:16 of 3rd period - Shot by Johnny Gaudreau.
1:16 of 3rd period - Stopped by Braden Holtby with a rebound.
2:27 of 3rd period - Shot by Travis Zajac.
2:27 of 3rd period - Stopped by Braden Holtby without a rebound.
2:28 of 3rd period - Claude Giroux wins face-off versus Travis Zajac in Ducks zone.
2:41 of 3rd period - Shot by T.J. Oshie.
2:41 of 3rd period - Deflect By Claude Giroux.
2:41 of 3rd period - Goal by Claude Giroux - Ducks : 1 - Lightning : 1.
2:42 of 3rd period - Mark Scheifele wins face-off versus Henrik Sedin in neutral zone.
2:42 of 3rd period - Wayne Simmonds is hit by Patric Hornqvist and loses puck.
2:48 of 3rd period - Off-side.
2:49 of 3rd period - Mark Scheifele wins face-off versus Henrik Zetterberg in neutral zone.
2:54 of 3rd period - Shot by Gabriel Landeskog.
2:54 of 3rd period - Stopped by Kari Lehtonen with a rebound.
3:05 of 3rd period - Off-side.
3:06 of 3rd period - Claude Giroux wins face-off versus Travis Zajac in neutral zone.
3:09 of 3rd period - Travis Zajac is hit by Claude Giroux and loses puck.
3:40 of 3rd period - Shot by Travis Zajac.
3:40 of 3rd period - Stopped by Braden Holtby without a rebound.
3:41 of 3rd period - Jeff Carter wins face-off versus Mark Scheifele in Ducks zone.
3:54 of 3rd period - Shot by Gabriel Landeskog.
3:54 of 3rd period - Shot Misses the Net.
3:56 of 3rd period - Shot by Mark Scheifele.
3:56 of 3rd period - Shot Hit the Post.
3:58 of 3rd period - Shot by Josh Manson.
3:58 of 3rd period - Shot Blocked by Trevor Daley.
4:02 of 3rd period - Shot by Mark Scheifele.
4:02 of 3rd period - Shot Blocked by Trevor Daley.
4:04 of 3rd period - Shot by Nikita Zaitsev.
4:04 of 3rd period - Shot Misses the Net.
4:06 of 3rd period - Shot by Josh Manson.
4:06 of 3rd period - Stopped by Kari Lehtonen without a rebound.
4:07 of 3rd period - Brandon Dubinsky wins face-off versus Henrik Zetterberg in Lightning zone.
4:33 of 3rd period - Shot by Henrik Zetterberg.
4:33 of 3rd period - Shot Blocked by Matt Hunwick.
4:43 of 3rd period - Shot by Henrik Sedin.
4:43 of 3rd period - Stopped by Braden Holtby with a rebound.
4:48 of 3rd period - Patric Hornqvist is hit by Derek Forbort and loses puck.
5:20 of 3rd period - Patrick Eaves is hit by Jake Dotchin and loses puck.
5:21 of 3rd period - Minor Penalty to Jake Dotchin for Roughing.
5:22 of 3rd period - Yanni Gourde wins face-off versus Jeff Carter in Ducks zone.
5:35 of 3rd period - Shot by Jeff Carter.
5:35 of 3rd period - Shot Misses the Net.
5:44 of 3rd period - Icing by Johnny Gaudreau.
5:45 of 3rd period - Jeff Carter wins face-off versus Yanni Gourde in Lightning zone.
6:30 of 3rd period - Yanni Gourde is hit by Henrik Zetterberg and loses puck.
6:56 of 3rd period - Shot by Andrej Sekera.
6:56 of 3rd period - Stopped by Braden Holtby without a rebound.
6:57 of 3rd period - Jeff Carter wins face-off versus T.J. Oshie in Ducks zone.
7:12 of 3rd period - Shot by Tobias Rieder.
7:12 of 3rd period - Shot Blocked by Colton Parayko.
7:14 of 3rd period - Shot by Jeff Carter.
7:14 of 3rd period - Deflect By Tobias Rieder.
7:14 of 3rd period - Stopped by Braden Holtby without a rebound.
7:15 of 3rd period - Yanni Gourde wins face-off versus Henrik Sedin in Ducks zone.
7:25 of 3rd period - Icing by Teddy Purcell.
7:26 of 3rd period - Mark Scheifele wins face-off versus Vernon Fiddler in Lightning zone.
7:26 of 3rd period - Mark Scheifele is hit by Erik Gudbranson.
7:33 of 3rd period - Icing by Teddy Purcell.
7:34 of 3rd period - Matt Hendricks wins face-off versus Claude Giroux in Lightning zone.
9:30 of 3rd period - Icing by Henrik Sedin.
9:31 of 3rd period - Henrik Sedin wins face-off versus Tomas Nosek in Lightning zone.
9:47 of 3rd period - Kevin Klein is hit by Chris Kunitz.
9:56 of 3rd period - Icing by Patric Hornqvist.
9:57 of 3rd period - Henrik Sedin wins face-off versus Claude Giroux in Lightning zone.
9:57 of 3rd period - Henrik Sedin is hit by T.J. Oshie.
10:02 of 3rd period - Patric Hornqvist is hit by Milan Lucic and loses puck.
10:03 of 3rd period - Patric Hornqvist from Lightning is injured at 10:03 of 3rd period (Right Leg).
10:04 of 3rd period - Milan Lucic wins face-off versus Tobias Rieder in neutral zone.
10:04 of 3rd period - Milan Lucic is hit by Troy Brouwer.
10:24 of 3rd period - Shot by Claude Giroux.
10:24 of 3rd period - Shot Misses the Net.
10:29 of 3rd period - Minor Penalty to Erik Gudbranson for Slashing.
10:30 of 3rd period - Henrik Sedin wins face-off versus Mark Scheifele in Lightning zone.
10:44 of 3rd period - Icing by Mark Scheifele.
10:45 of 3rd period - Henrik Sedin wins face-off versus Mark Scheifele in Ducks zone.
10:49 of 3rd period - Icing by Nikita Zaitsev.
10:50 of 3rd period - Mark Scheifele wins face-off versus Henrik Sedin in Ducks zone.
10:57 of 3rd period - Shot by Wayne Simmonds.
10:57 of 3rd period - Deflect By Mark Scheifele.
10:57 of 3rd period - Stopped by Kari Lehtonen with a rebound.
10:59 of 3rd period - Shot by Josh Manson.
10:59 of 3rd period - Shot Misses the Net.
11:01 of 3rd period - Shot by Josh Manson.
11:01 of 3rd period - Stopped by Kari Lehtonen without a rebound.
11:02 of 3rd period - Claude Giroux wins face-off versus Henrik Sedin in Lightning zone.
11:21 of 3rd period - Shot by T.J. Oshie.
11:21 of 3rd period - Stopped by Kari Lehtonen without a rebound.
11:22 of 3rd period - Mark Scheifele wins face-off versus Henrik Sedin in Lightning zone.
11:22 of 3rd period - Mark Scheifele is hit by Kyle Quincey.
11:32 of 3rd period - Shot by Mark Scheifele.
11:32 of 3rd period - Stopped by Kari Lehtonen without a rebound.
11:33 of 3rd period - Claude Giroux wins face-off versus Henrik Sedin in Lightning zone.
12:31 of 3rd period - Shot by T.J. Oshie.
12:31 of 3rd period - Shot Misses the Net.
12:33 of 3rd period - Shot by Josh Manson.
12:33 of 3rd period - Stopped by Kari Lehtonen with a rebound.
12:41 of 3rd period - Shot by Wayne Simmonds.
12:41 of 3rd period - Deflect By Mark Scheifele.
12:41 of 3rd period - Stopped by Kari Lehtonen without a rebound.
12:42 of 3rd period - Brandon Dubinsky wins face-off versus Matt Hendricks in Lightning zone.
12:58 of 3rd period - Shot by Teddy Purcell.
12:58 of 3rd period - Shot Misses the Net.
13:04 of 3rd period - Shot by Vernon Fiddler.
13:04 of 3rd period - Stopped by Braden Holtby without a rebound.
13:05 of 3rd period - Jeff Carter wins face-off versus Mark Scheifele in Ducks zone.
13:16 of 3rd period - Shot by Patrick Eaves.
13:16 of 3rd period - Shot Misses the Net.
13:18 of 3rd period - Shot by Andrej Sekera.
13:18 of 3rd period - Shot Blocked by Nikita Zaitsev.
13:20 of 3rd period - Shot by Kyle Quincey.
13:20 of 3rd period - Stopped by Braden Holtby with a rebound.
13:49 of 3rd period - Icing by Gabriel Landeskog.
13:50 of 3rd period - Mark Scheifele wins face-off versus Henrik Zetterberg in Ducks zone.
14:15 of 3rd period - Shot by T.J. Oshie.
14:15 of 3rd period - Stopped by Kari Lehtonen without a rebound.
14:16 of 3rd period - Vernon Fiddler wins face-off versus Brandon Dubinsky in Lightning zone.
14:43 of 3rd period - Shot by Teddy Purcell.
14:43 of 3rd period - Shot Blocked by Matt Hunwick.
14:45 of 3rd period - Shot by Erik Gudbranson.
14:45 of 3rd period - Stopped by Braden Holtby without a rebound.
14:46 of 3rd period - Claude Giroux wins face-off versus Jeff Carter in Ducks zone.
15:07 of 3rd period - Shot by Jeff Carter.
15:07 of 3rd period - Stopped by Braden Holtby without a rebound.
15:08 of 3rd period - Mark Scheifele wins face-off versus Henrik Sedin in Ducks zone.
15:28 of 3rd period - Shot by Jeff Carter.
15:28 of 3rd period - Stopped by Braden Holtby without a rebound.
15:29 of 3rd period - Travis Zajac wins face-off versus Claude Giroux in Ducks zone.
15:40 of 3rd period - Andrej Sekera is hit by Milan Lucic and loses puck.
15:47 of 3rd period - Shot by Milan Lucic.
15:47 of 3rd period - Stopped by Kari Lehtonen with a rebound.
15:49 of 3rd period - Shot by T.J. Oshie.
15:49 of 3rd period - Stopped by Kari Lehtonen without a rebound.
15:50 of 3rd period - Henrik Sedin wins face-off versus Mark Scheifele in Lightning zone.
16:00 of 3rd period - Shot by Henrik Sedin.
16:00 of 3rd period - Goal by Henrik Sedin - Ducks : 1 - Lightning : 2.
16:01 of 3rd period - Claude Giroux wins face-off versus Travis Zajac in neutral zone.
16:04 of 3rd period - Shot by T.J. Oshie.
16:04 of 3rd period - Shot Blocked by Andrej Sekera.
16:34 of 3rd period - Shot by Claude Giroux.
16:34 of 3rd period - Goal by Claude Giroux - Ducks : 2 - Lightning : 2.
16:35 of 3rd period - Brandon Dubinsky wins face-off versus Jeff Carter in neutral zone.
16:39 of 3rd period - Off-side.
16:40 of 3rd period - Brandon Dubinsky wins face-off versus Jeff Carter in neutral zone.
17:03 of 3rd period - Shot by Nikita Zaitsev.
17:03 of 3rd period - Shot Blocked by Trevor Daley.
17:05 of 3rd period - Shot by Blake Comeau.
17:05 of 3rd period - Shot Blocked by Trevor Daley.
17:07 of 3rd period - Shot by Nikita Zaitsev.
17:07 of 3rd period - Stopped by Kari Lehtonen with a rebound.
17:15 of 3rd period - Shot by Brandon Dubinsky.
17:15 of 3rd period - Stopped by Kari Lehtonen without a rebound.
17:16 of 3rd period - T.J. Oshie wins face-off versus Henrik Sedin in Lightning zone.
17:25 of 3rd period - Shot by T.J. Oshie.
17:25 of 3rd period - Stopped by Kari Lehtonen with a rebound.
17:26 of 3rd period - Minor Penalty to Kyle Quincey for Hooking.
17:27 of 3rd period - Mark Scheifele wins face-off versus Henrik Sedin in Lightning zone.
17:36 of 3rd period - Shot by Gabriel Landeskog.
17:36 of 3rd period - Shot Misses the Net.
17:38 of 3rd period - Shot by Gabriel Landeskog.
17:38 of 3rd period - Shot Misses the Net.
17:44 of 3rd period - Shot by Mark Scheifele.
17:44 of 3rd period - Stopped by Kari Lehtonen without a rebound.
17:45 of 3rd period - Henrik Sedin wins face-off versus Claude Giroux in Lightning zone.
17:58 of 3rd period - Shot by Nikita Zaitsev.
17:58 of 3rd period - Shot Blocked by Erik Gudbranson.
18:00 of 3rd period - Shot by T.J. Oshie.
18:00 of 3rd period - Stopped by Kari Lehtonen without a rebound.
18:01 of 3rd period - Henrik Sedin wins face-off versus Mark Scheifele in Lightning zone.
18:29 of 3rd period - Shot by Colton Parayko.
18:29 of 3rd period - Stopped by Kari Lehtonen without a rebound.
18:30 of 3rd period - Vernon Fiddler wins face-off versus Claude Giroux in Lightning zone.
19:28 of 3rd period - Nikita Zaitsev is hit by Kyle Quincey and loses puck.
19:59 of 3rd period - Shot by Johnny Gaudreau.
19:59 of 3rd period - Deflect By Jeff Carter.
19:59 of 3rd period - Shot Blocked by Colton Parayko.
Goals for this period are 2 for Ducks vs 1 for Lightning.
Shots for this period are 19 for Ducks vs 16 for Lightning.

Overtime #1


0:01 of 1st overtime period - Jeff Carter wins face-off versus Mark Scheifele in neutral zone.
0:12 of 1st overtime period - Shot by Henrik Zetterberg.
0:12 of 1st overtime period - Stopped by Braden Holtby without a rebound.
0:13 of 1st overtime period - Henrik Zetterberg wins face-off versus Claude Giroux in Ducks zone.
0:47 of 1st overtime period - Shot by Mark Scheifele.
0:47 of 1st overtime period - Shot Misses the Net.
0:53 of 1st overtime period - Shot by Mark Scheifele.
0:53 of 1st overtime period - Stopped by Kari Lehtonen without a rebound.
0:54 of 1st overtime period - Jeff Carter wins face-off versus T.J. Oshie in Lightning zone.
1:27 of 1st overtime period - Shot by Patrick Eaves.
1:27 of 1st overtime period - Shot Misses the Net.
1:29 of 1st overtime period - Shot by Jeff Carter.
1:29 of 1st overtime period - Stopped by Braden Holtby with a rebound.
2:04 of 1st overtime period - Shot by Henrik Sedin.
2:04 of 1st overtime period - Stopped by Braden Holtby without a rebound.
2:05 of 1st overtime period - Brandon Dubinsky wins face-off versus Henrik Zetterberg in Ducks zone.
2:16 of 1st overtime period - Shot by Mark Scheifele.
2:16 of 1st overtime period - Deflect By Brandon Dubinsky.
2:16 of 1st overtime period - Stopped by Kari Lehtonen without a rebound.
2:17 of 1st overtime period - Claude Giroux wins face-off versus Jeff Carter in Lightning zone.
2:34 of 1st overtime period - Shot by Claude Giroux.
2:34 of 1st overtime period - Shot Misses the Net.
2:44 of 1st overtime period - Shot by Claude Giroux.
2:44 of 1st overtime period - Stopped by Kari Lehtonen without a rebound.
2:45 of 1st overtime period - Mark Scheifele wins face-off versus Henrik Zetterberg in Lightning zone.
2:50 of 1st overtime period - Shot by Mark Scheifele.
2:50 of 1st overtime period - Shot Misses the Net.
3:16 of 1st overtime period - Shot by Patrick Eaves.
3:16 of 1st overtime period - Shot Misses the Net.
3:54 of 1st overtime period - Shot by Jeff Carter.
3:54 of 1st overtime period - Goal by Jeff Carter - Ducks : 2 - Lightning : 3.
Goals for this period are 0 for Ducks vs 1 for Lightning.
Shots for this period are 3 for Ducks vs 4 for Lightning.